[Event "Championnat d'Europe Rapide"]
[Date "2024.12.08"]
[White "Popovic, Milos T"]
[Black "Zajic, Milan"]
[WhiteElo "2334"]
[BlackElo "2392"]
[Round "9.30"]
[Result "0-1"]
[TimeControl "900+10"]

1. d4 Nf6 2.
Bg5 d5 3.
Bxf6 exf6 4.
e3 Bd6 5. c4 dxc4 6. Bxc4 f5 7. Nc3 c6 8. Nf3 Nd7 9. Bd3 Nf6 10. Qc2 g6 11. h3 Be6 12.
O-O-O Qa5 13. Kb1 O-O-O 14. Ng5 Kb8 15. Nxe6 fxe6 16. Be2 Bb4 17. Bf3 e5 18. dxe5 Qxe5 19. Rxd8+ Rxd8 20. Rd1 Rxd1+ 21. Qxd1 Kc7 22. Qd4 Qxd4 23. exd4 Bxc3 24. bxc3 c5 25. dxc5 Nd7 26. Bd5 Nf6 27. Bf3 Nd7 28. Bd5 Nf6 29. Bf3 Ne4 30. Bxe4 fxe4 31. Kc2 Kc6 32. Kd2 Kxc5 33.
Ke3 Kd5 34. Kf4 b5 35. h4 a5 36. g4 a4 37. Ke3 Kc4 38. Kd2 h5 39. gxh5 gxh5 40. Kc2 b4 41. cxb4 Kxb4 42. Kb2 Kc4 43. Kc2 a3 44. Kd2 Kd4 45. Kc2 Ke5 46. Kc3 Kf4 47. Kd4 Kf3 48. Ke5 Kxf2 49. Kxe4 Ke2 50. Kd4 Kf3 51. Kd3 Kg4 52. Ke4 Kxh4 53. Kf4 Kh3 54. Kf3 h4 55. Kf2 Kg4 56. Kg2 Kf4 57. Kh3 Ke3 58. Kxh4 Kd2 59. Kg3 Kc2 0-1

[Site "Europe Echecs"]

[Event "Championnat d'Europe Rapide"]
[Date "2024.12.08"]
[White "Tudor, Henry Edward"]
[Black "Boyer, Mahel"]
[WhiteElo "2375"]
[BlackElo "2526"]
[Round "9.31"]
[Result "0-1"]
[TimeControl "900+10"]

1. d4 g6 2. c4 Bg7 3. Nf3 d6 4. Nc3 Nf6 5. e4 O-O 6. Be2 e5 7. O-O Qe8 8. Re1 exd4 9. Nxd4 Nxe4 10. Nd5 Qd8 11. Bf3 Nxf2 12. Kxf2 Qh4+ 13. Kf1 Bxd4 14. g3 Qh3+ 15. Bg2 Nc6 16. Nf6+ Kg7 17. Bxh3 Bxh3+ 18.
Ke2 Bxf6 19. Kf2 Rfe8 20. Be3 Ne5 21. Qd2 c5 22. Bh6+ Kg8 23. Re4 Ng4+ 24. Kf3 Rxe4 25. Kxe4 Re8+ 26. Kd3 Ne5+ 27. Kc2 Nxc4 28. Qf4 Bf5+ 29. Kb3 b5 30. Rd1 Re2 0-1

[Site "Europe Echecs"]

[Event "Championnat d'Europe Rapide"]
[Date "2024.12.08"]
[White "Ciolacu, Alessia-Mihaela"]
[Black "Baidetskyi, Valentin"]
[WhiteElo "2124"]
[BlackElo "2519"]
[Round "9.32"]
[Result "0-1"]
[TimeControl "900+10"]

1. d4 d6 2.
Nf3 Nf6 3.
c4 g6 4. Nc3 Bg7 5. e4 O-O 6. h3 Nbd7 7. Be3 b6 8. Be2 Bb7 9. d5 e6 10. O-O Re8 11. Qc2 c6 12. dxc6 Bxc6 13.
Rfd1 Qb8 14.
Bf4 e5 15.
Be3 Nc5 16.
Nd2 a5 17. b3 Ne6 18. Nf3 Nc5 19. Nd2 Rc8 20. Qb1 Qb7 21. Nd5 Nxd5 22. cxd5 Bd7 23. Nc4 Qb8 24. Rc1 f5 25. f3 b5 26. Nxa5 Rxa5 27. b4 Ra3 28. Bxc5 dxc5 29. bxc5 Qa7 30. Qb4 Bf8 31. Kh2 Bxc5 32. Qb2 Bd4 33. Rxc8+ Bxc8 34.
Qxb5 Bd7 0-1

[Site "Europe Echecs"]

[Event "Championnat d'Europe Rapide"]
[Date "2024.12.08"]
[White "Dragnev, Valentin"]
[Black "Pipiras, Filipa Fortuna"]
[WhiteElo "2563"]
[BlackElo "2178"]
[Round "9.33"]
[Result "1-0"]
[TimeControl "900+10"]

1. e4 c6 2.
d4 d5 3. e5 Bf5 4. h4 h5 5. c4 e6 6. Nc3 Ne7 7. Nge2 dxc4 8. Ng3 Bg6 9. Bxc4 Nd7 10. Bg5 Qb6 11. O-O Nd5 12. Rc1 f6 13. exf6 gxf6 14. Re1 Kf7 15. Qe2 Re8 16. Bxd5 cxd5 17.
Nxd5 Qd6 18.
Nc7 Re7 19.
Nb5 Qd5 20.
Nc7 Qxa2 21.
Bf4 Bh6 22.
Bxh6 Rxh6 23. d5 e5 24. d6 Re6 25. Nxe6 Kxe6 26. Qd2 Rh8 27. Rc7 Qb3 28. Ne2 Qd3 29. Nf4+ Kxd6 30. Rxd7+ Kxd7 31. Nxd3 1-0

[Site "Europe Echecs"]

[Event "Championnat d'Europe Rapide"]
[Date "2024.12.08"]
[White "Kalezic, Blazo"]
[Black "Tomasi, Elise"]
[WhiteElo "2382"]
[BlackElo "2073"]
[Round "9.34"]
[Result "1-0"]
[TimeControl "900+10"]

1. e4 e5 2.
Nf3 Nc6 3.
Bb5 a6 4.
Ba4 Nf6 5.
O-O b5 6.
Bb3 Bc5 7.
c3 Qe7 8. d4 Bb6 9. a4 Rb8 10. axb5 axb5 11. d5 Na5 12. Bc2 d6 13. Na3 Bd7 14. Qe2 h6 15. b4 Nb7 16. Bd3 g5 17. Bxb5 Bxb5 18.
Nxb5 Rg8 19.
Be3 Bxe3 20.
Qxe3 Kf8 21.
c4 Nh5 22.
g3 Nf4 23.
Kh1 Nh3 24.
Ra7 Kg7 25.
Ng1 Nxg1 26.
Kxg1 Qd7 27.
Rfa1 f5 28.
exf5 Qxf5 29. Nxc7 Kh8 30. Na6 1-0

[Site "Europe Echecs"]

[Event "Championnat d'Europe Rapide"]
[Date "2024.12.08"]
[White "Veljanoski, Andrej"]
[Black "Fressinet, Laurent"]
[WhiteElo "2304"]
[BlackElo "2588"]
[Round "9.35"]
[Result "0-1"]
[TimeControl "900+10"]

1. e4 e5 2.
Nf3 Nc6 3.
Bc4 Nf6 4.
d3 Bc5 5.
O-O d6 6. c3 a6 7. Bb3 O-O 8. h3 h6 9. Nbd2 Re8 10. Re1 Be6 11. Bc2 d5 12. Nxe5 Nxe5 13. d4 dxe4 14.
dxe5 e3 15.
fxe3 Nd7 16.
Nf3 Qe7 17.
Qd3 Nf8 18.
c4 Rad8 19.
Qe2 Bd7 20.
Bd2 Bc6 21.
Rad1 Bxf3 22. Qxf3 Rxd2 23. Rxd2 Bb4 24. Rdd1 Bxe1 25. Rxe1 c6 26. Rf1 Qc7 27. c5 Rxe5 28. Qg3 Re7 29. Qxc7 Rxc7 30. Rd1 g6 31. Kf2 Kg7 32. Kf3 Kf6 33. b4 Ke7 34. Bb3 Rc8 35.
Rd4 Nd7 36. Kf4 a5 37. a3 axb4 38. axb4 Ra8 39. Re4+ Kf6 40. Rd4 Nf8 41. b5 Ra3 42. Rb4 g5+ 43. Kf3 Nd7 44. bxc6 bxc6 45. Ba4 Rc3 46. h4 Rxc5 47.
hxg5+ hxg5 48. Rd4 Ke7 49. Rb4 f5 50. Rb7 Kd6 51. Bd1 Ne5+ 52. Kf2 Rc1 53. Be2 Rc2 54. Rg7 Nd3+ 55. Kf1 Rc1+ 56. Bd1 Nb2 57. Rxg5 Nxd1 58. Ke2 Nc3+ 59. Kd3 Nd5 60. Rxf5 c5 61. Rf8 Rc3+ 62. Kd2 Ra3 63. Rd8+ Kc6 64. e4 Ra2+ 65. Kd3 Nf4+ 66. Kc3 Ra3+ 67. Kc4 Ra4+ 0-1

[Site "Europe Echecs"]

[Event "Championnat d'Europe Rapide"]
[Date "2024.12.08"]
[White "Mastrovasilis, Dimitrios"]
[Black "Trushko, Andrii"]
[WhiteElo "2537"]
[BlackElo "2143"]
[Round "9.36"]
[Result "1/2-1/2"]
[TimeControl "900+10"]

1. e4 c6 2.
d4 d5 3. Nd2 h6 4. c3 dxe4 5. Nxe4 Bf5 6. Bd3 e6 7. Qf3 Bxe4 8. Qxe4 Qd5 9. Nf3 Qxe4+ 10.
Bxe4 Nf6 11.
Bc2 Bd6 12.
O-O Nbd7 13.
Re1 Bc7 14.
g3 O-O 15.
Kg2 Rad8 16.
Bd2 Rfe8 17.
Rad1 e5 18.
Bc1 exd4 19.
Nxd4 Rxe1 20. Rxe1 Re8 21. Rxe8+ Nxe8 22. g4 Ne5 23. h3 Ng6 24. Bxg6 fxg6 25. Ne6 Kf7 26. Nxc7 Nxc7 27. Be3 b6 28. Kf3 Ke6 29. Bd4 Ne8 30. c4 c5 31. Bc3 g5 32. Ke3 g6 33. b3 Nd6 34. Bg7 Nf7 35. Ke4 Nd6+ 36. Kd3 Nf7 37. Ke3 Kd6 38. f3 Ke6 39. Bc3 Nd8 40. Ke4 Nf7 41. Be1 Nd6+ 42. Ke3 Nf7 43. Bg3 Nd6 44. Kd3 Ke7 45. Bh2 Ke6 46. Bg3 Ke7 47.
f4 Ke6 48.
Ke3 Ke7 49.
Be1 Ke6 50.
Bc3 Nf7 51.
Kf3 h5 52.
Bd2 gxf4 53.
Bxf4 hxg4+ 54. Kxg4 Nd8 55. Kg5 Kf7 56. Be5 Nc6 57. Bc3 Nd8 58. Kf4 Ke6 59. Kg5 Kf7 60. Kf4 Ke6 61. Ke4 Nf7 62. Bd2 Nd6+ 63. Kf4 Nf7 64. Bc3 Kd6 65. Bb2 Ke6 66. Bc3 Kd6 67. Bb2 Ke6 1/2-1/2

[Site "Europe Echecs"]

[Event "Championnat d'Europe Rapide"]
[Date "2024.12.08"]
[White "Domalchuk-Jonasson, Aleksandr"]
[Black "Pantsulaia, Levan"]
[WhiteElo "2377"]
[BlackElo "2522"]
[Round "9.37"]
[Result "0-1"]
[TimeControl "900+10"]

1. c4 g6 2.
d4 c5 3. d5 Bg7 4. e4 d6 5. Nc3 Bxc3+ 6.
bxc3 e5 7.
f4 Qf6 8.
fxe5 Qh4+ 9.
Kd2 Qxe4 10.
exd6 Bf5 11.
Qe2 Nf6 12.
Qxe4+ Nxe4+ 13. Ke3 Nxd6 14. Bd3 Nd7 15. Nf3 Nb6 16. Bxf5 Nbxc4+ 17. Kd3 gxf5 18. Bf4 Kd7 19. Rhe1 Rhe8 20. g3 f6 21. Rxe8 Rxe8 22. Bxd6 Nxd6 23. Nd2 b5 24. c4 bxc4+ 25. Nxc4 Nxc4 26. Kxc4 Kd6 27. Rf1 Re4+ 28. Kc3 f4 29. gxf4 Kxd5 30. Rd1+ Rd4 31. Rf1 f5 32. Rf3 Ra4 33. Kb3 Ra6 34. Rd3+ Ke4 35. Rd7 h6 36. Rc7 Kxf4 37. Rxc5 Ke4 38. Rc4+ Kd5 39. Rh4 Ke5 40. Kc3 Rd6 41. Ra4 a6 42. Ra5+ Ke4 43. Ra4+ Ke3 44. Ra5 Rc6+ 45. Kb4 Rf6 46. Re5+ Kd4 47. Re1 f4 0-1

[Site "Europe Echecs"]

[Event "Championnat d'Europe Rapide"]
[Date "2024.12.08"]
[White "Kozul, Zdenko"]
[Black "Zawadzka, Jolanta"]
[WhiteElo "2519"]
[BlackElo "2331"]
[Round "9.38"]
[Result "1-0"]
[TimeControl "900+10"]

1. d4 d5 2. c4 e6 3. Nf3 Nf6 4. g3 Bb4+ 5. Bd2 Be7 6. Bg2 O-O 7. O-O c6 8. Qc2 b6 9. Bf4 Nbd7 10. h4 Bb7 11. cxd5 cxd5 12. Nc3 Rc8 13. Qb3 Nb8 14. Rfc1 Nc6 15. Qd1 Ne4 16. a3 Bd6 17. e3 Bxf4 18. exf4 Nd6 19. Bf1 Rc7 20. Bd3 g6 21. Qe2 Na5 22. Re1 Qf6 23. h5 Nb3 24. Rad1 Nf5 25. Nb5 Nbxd4 26. Nfxd4 Nxd4 27. Nxd4 Qxd4 28. hxg6 hxg6 29.
Bxg6 Qg7 30.
Bb1 Rc4 31.
Qh5 Rxf4 32.
Re5 f5 33.
Rxe6 Rg4 34.
Ba2 Rg5 35.
Qe2 Kh7 36.
Bxd5 Bxd5 37. Rxd5 Rf7 38. Kg2 Rg4 39. Qd3 Rg5 40. Qb1 Rh5 41. Qd1 Rg5 42. Qh1+ Kg8 43. Qh4 Rf8 44. Rd7 1-0

[Site "Europe Echecs"]

[Event "Championnat d'Europe Rapide"]
[Date "2024.12.08"]
[White "Alonso Rosell, Alvar"]
[Black "Maltsevskaya, Aleksandra"]
[WhiteElo "2532"]
[BlackElo "2368"]
[Round "9.39"]
[Result "1-0"]
[TimeControl "900+10"]

1. d4 Nf6 2.
Nf3 g6 3. g3 Bg7 4. Bg2 O-O 5. c4 d6 6. Nc3 Nbd7 7. O-O e5 8. Qc2 Re8 9. Rd1 c6 10. e4 h6 11. h3 Qe7 12. Be3 Kh7 13. Re1 Nf8 14. Rad1 Qc7 15. Qd2 Ne6 16. d5 cxd5 17.
exd5 e4 18.
Nb5 Qd8 19.
dxe6 exf3 20. exf7 Rxe3 21. Rxe3 fxg2 22. Nxd6 Bxh3 23. Re8 Qd7 24. Rxa8 Bg4 25. f8=Q Bxd1 26. Ne4 Qxd2 27. Nxf6+ 1-0

[Site "Europe Echecs"]

[Event "Championnat d'Europe Rapide"]
[Date "2024.12.08"]
[White "Todorovic, Goran N"]
[Black "Guliyev, Namig"]
[WhiteElo "2256"]
[BlackElo "2484"]
[Round "9.40"]
[Result "0-1"]
[TimeControl "900+10"]

1. Nf3 d5 2.
c4 d4 3. b4 f6 4. Na3 e5 5. Nc2 c5 6. bxc5 Nc6 7. d3 Bxc5 8. g3 Nge7 9. Bg2 O-O 10. O-O b6 11. Nd2 Bb7 12. Ne4 Qc7 13. Rb1 Rab8 14. Nxc5 bxc5 15. Ba3 Nd8 16. Bxb7 Rxb7 17. Rxb7 Nxb7 18. Qd2 Nd8 19. Rb1 Ne6 20. Rb3 f5 21. e3 Ng5 22. Ne1 f4 23. e4 fxg3 24. fxg3 Nh3+ 25. Kg2 Rf2+ 26. Qxf2 Nxf2 27.
Kxf2 a6 28. Nf3 Ng6 29. h4 Nf8 30. Bc1 Nd7 31. Bd2 Nf6 32. a4 Ng4+ 33. Ke2 h6 34. a5 Qf7 35. Rb8+ Kh7 36. Rc8 Qh5 37. Rf8 Nf6 38. Be1 Qg4 39. Kf2 Nh5 40. Ke2 Nxg3+ 41. Bxg3 Qxg3 42. h5 0-1

[Site "Europe Echecs"]

[Event "Championnat d'Europe Rapide"]
[Date "2024.12.08"]
[White "Maier, Christian"]
[Black "Larkin, Vladyslav"]
[WhiteElo "2235"]
[BlackElo "2449"]
[Round "9.41"]
[Result "1-0"]
[TimeControl "900+10"]

1. e4 c5 2.
Nf3 e6 3. b4 cxb4 4. d4 Nf6 5. Bd3 Nc6 6. O-O Be7 7. c4 bxc3 8. Nxc3 d5 9. e5 Nd7 10. Qd2 b6 11. Qf4 Nb4 12. Bb1 Ba6 13. Rd1 Rc8 14. Bb2 g5 15. Qd2 g4 16. a3 Nc6 17. Ne1 Bg5 18. Qc2 Na5 19. Ba2 Bc4 20. Bxc4 Rxc4 21.
Rab1 Qc7 22.
Qd3 a6 23.
Nc2 Nc6 24.
Qg3 h5 25.
f4 Bh6 26.
Qf2 Ne7 27.
Qd2 h4 28.
Rbc1 g3 29.
h3 Nf8 30.
Ne2 Nfg6 31.
Ne3 Nxf4 32.
Nxc4 Nxh3+ 33. gxh3 dxc4 34. Qc3 Qb7 35. Rf1 Bxc1 36. Bxc1 b5 37. Bg5 Nf5 38.
Rf4 Qd5 39.
Qd2 Rg8 40.
Nc3 Qb7 41.
Bxh4 Rh8 42. Ne4 Rxh4 43. Rxh4 Nxh4 44. Qf4 Ng6 45. Nd6+ Kf8 46. Qh6+ Kg8 47. Nxb7 c3 48. Kg2 Ne7 49. Nd6 c2 50. Ne4 Nd5 51. Nf6+ 1-0

[Site "Europe Echecs"]

[Event "Championnat d'Europe Rapide"]
[Date "2024.12.08"]
[White "Dinev, Dejan"]
[Black "Alienkin, Aleksander"]
[WhiteElo "2209"]
[BlackElo "2337"]
[Round "9.42"]
[Result "1/2-1/2"]
[TimeControl "900+10"]

1. e4 e6 2.
d4 d5 3.
exd5 exd5 4.
Bd3 Nc6 5.
c3 Bd6 6. h3 Nge7 7. Qf3 Be6 8. Ne2 Qd7 9. Bf4 O-O 10. Nd2 Bxf4 11.
Nxf4 Bf5 12.
g4 Bxd3 13.
Nxd3 Qe6+ 14. Kf1 Qh6 15. Qf4 Qg6 16. Ne1 f5 17. g5 Rac8 18. h4 Qh5 19. Ng2 Ng6 20. Qf3 Qxf3 21. Nxf3 f4 22. h5 Nge7 23. Rh4 Rf5 24. Re1 Rcf8 25. Re6 Kf7 26. Re2 Ke8 27. Nge1 Kd8 28. Nd3 b6 29. b4 Nc8 30. g6 hxg6 31. hxg6 N6e7 32.
Nde5 Nd6 33. Rh7 Rg8 34. a4 Ne4 35. c4 Nf6 36. Nf7+ Ke8 37. Nh6 gxh6 38. Rexe7+ Kd8 39. Ref7 dxc4 40. Ne5 Rxe5 41. dxe5 Nxh7 42.
gxh7 Re8 43.
Rg7 c3 44.
Rg8 c2 45.
Rxe8+ Kd7 46. h8=Q c1=Q+ 47. Kg2 f3+ 48. Kxf3 Qd1+ 49. Ke3 Qe1+ 50. Kd3 Qd1+ 51. Ke4 Qe2+ 52. Kf5 Qxf2+ 53. Kg6 Qg3+ 54. Kf7 Qf3 55. Kg7 Qg4 56. Kh7 Qf5 57. Kxh6 Qf4+ 58. Kg6 Qg4+ 59. Kh6 Qf4+ 60. Kg6 Qg4+ 61. Kh6 Qf4+ 62. Kh5 Qf5+ 63. Kh6 Qf4+ 64. Kg6 Qg4+ 65. Kf6 Qf4+ 66. Kg6 Qg4+ 67. Kf6 1/2-1/2

[Site "Europe Echecs"]

[Event "Championnat d'Europe Rapide"]
[Date "2024.12.08"]
[White "Ghimpu, Samuel-Timotei"]
[Black "Dragicevic, Drazen"]
[WhiteElo "2475"]
[BlackElo "2332"]
[Round "9.43"]
[Result "1-0"]
[TimeControl "900+10"]

1. d4 d5 2.
Nf3 Nf6 3.
Bf4 e6 4. Nbd2 c5 5. e3 Nc6 6. c3 b6 7. Bb5 Bd7 8. O-O a6 9. Bd3 Be7 10. h3 O-O 11. Qe2 b5 12. dxc5 Bxc5 13. e4 dxe4 14. Nxe4 Nxe4 15.
Bxe4 Qe7 16. Rad1 Rfd8 17. b4 Bb6 18. Bd6 Qf6 19. Ne5 Rac8 20. Rd3 Nxe5 21. Bxe5 Qh4 22. Rg3 g6 23. Qf3 Re8 24. Bf6 Qh6 25. Rd1 Rc7 26. Be5 f5 27. Bxc7 Bxc7 28. Bc6 Bxg3 29. Bxd7 Bxf2+ 30. Qxf2 Re7 31. Qc5 Qg7 32. Qd6 Kf7 33. Re1 Qxc3 34. Bxe6+ Kf8 35. Re2 Qa1+ 36. Kh2 Qf6 37. Qxa6 f4 38. Qc8+ Kg7 39. Bg4 Rxe2 40. Bxe2 Qe5 41. Qd7+ Kh6 42. Qxb5 Qe3 43. Bf3 Qe1 44. Qe2 Qxb4 45. Qe4 Qd2 46. a4 g5 47. Qe5 Kg6 48. Be4+ Kh5 49. Qe8+ Kh6 50. Qf8+ 1-0

[Site "Europe Echecs"]

[Event "Championnat d'Europe Rapide"]
[Date "2024.12.08"]
[White "Stefanova, Antoaneta"]
[Black "Wyss, Jonas"]
[WhiteElo "2418"]
[BlackElo "2270"]
[Round "9.44"]
[Result "1-0"]
[TimeControl "900+10"]

1. d4 Nf6 2. Nf3 g6 3. g3 Bg7 4. Bg2 d5 5. O-O O-O 6. Be3 c6 7. Qc1 Re8 8. Rd1 Bf5 9. h3 Nbd7 10. Nh4 Be6 11. Nd2 Rc8 12. f4 c5 13. Nhf3 Qb6 14. c3 Ne4 15. Nxe4 dxe4 16. d5 Bxd5 17. Rxd5 exf3 18. Bxf3 Nf6 19. Rd1 e5 20. fxe5 Rxe5 21. Bf4 Re7 22. Rd6 Qb5 23. Qc2 c4 24. Rad1 Nh5 25. R1d5 Qe8 26. Qd1 Bf8 27. Bxh5 gxh5 28. Rg5+ Bg7 29. Qd4 Qf8 30. Be5 Rxe5 31. Qxe5 Re8 32.
Rxg7+ 1-0

[Site "Europe Echecs"]

[Event "Championnat d'Europe Rapide"]
[Date "2024.12.08"]
[White "Rodriguez Fontecha, Marcos"]
[Black "Pancevski, Filip"]
[WhiteElo "2278"]
[BlackElo "2420"]
[Round "9.45"]
[Result "0-1"]
[TimeControl "900+10"]

1. d4 Nf6 2. Nf3 g6 3. Bf4 d6 4. Nc3 c6 5. Qd2 Nbd7 6. e4 b5 7. a3 Nb6 8. b3 Bg7 9. Bh6 O-O 10. Bxg7 Kxg7 11. g3 a5 12. Qe3 Bb7 13. Bg2 b4 14. Ne2 Qc7 15. O-O c5 16. e5 Nfd5 17. Qd2 c4 18. axb4 axb4 19. Nf4 cxb3 20. cxb3 Qc3 21. Rac1 Qxd2 22.
Nxd2 Nxf4 23. gxf4 Bxg2 24. Kxg2 Nd5 25. Kf3 Nc3 26. Ne4 Nb5 27. d5 Ra3 28. Nd2 Rd8 29. Rc4 dxe5 30. Rxb4 Rxd5 31. fxe5 Rxe5 32. Nc4 Rf5+ 33. Kg2 Ra2 34. Ne3 Rg5+ 35. Kf3 Rb2 36. Rd1 e5 37. h4 Rh5 38. Rd5 Nd4+ 39. Kg3 Ne2+ 40. Kf3 Nd4+ 41. Kg3 Nf5+ 42. Nxf5+ Rxf5 43. f3 Rb1 44. Rbb5 Re1 45. Kf2 Re4 46. h5 Ref4 47. Rd3 Rxh5 48. Re3 Rhf5 49. Kg2 h5 50. b4 Rc4 51. Rb7 Rc2+ 52. Kg3 Rb2 53. b5 Rb4 54. b6 Rf6 55. Rxe5 Rbxb6 56. Rxb6 Rxb6 57. f4 Rb3+ 58. Kg2 Kf6 59. Ra5 Rd3 60. Rb5 Ke6 61. Re5+ Kd6 62. Ra5 Ke6 63. Re5+ Kf6 64. Ra5 Kg7 65. Ra7 Rb3 66. Rc7 Kf6 67. Rc5 h4 68. Ra5 h3+ 69. Kh2 Rf3 70. Ra6+ Kf5 71. Ra7 f6 72. Rg7 Rxf4 73. Kxh3 Rf3+ 74. Kg2 Ra3 0-1

[Site "Europe Echecs"]

[Event "Championnat d'Europe Rapide"]
[Date "2024.12.08"]
[White "Avramidou, Anastasia"]
[Black "Narva, Mai"]
[WhiteElo "2298"]
[BlackElo "2413"]
[Round "9.46"]
[Result "1/2-1/2"]
[TimeControl "900+10"]

1. d4 Nf6 2.
c4 g6 3. h4 c5 4. d5 d6 5. Nc3 Bg7 6. e4 b5 7. cxb5 a6 8. Nf3 O-O 9. a4 axb5 10. Bxb5 Na6 11. O-O Nb4 12. Nd2 e6 13. Nc4 e5 14. Bg5 h6 15. Bxf6 Bxf6 16. h5 Bg5 17. a5 Ba6 18. g3 Kg7 19. hxg6 fxg6 20. Kg2 Bxb5 21. Nxb5 Ra6 22. Qe2 Qd7 23. Nbxd6 Rxd6 24. Nxd6 Qxd6 25. a6 Ra8 26. a7 Bd8 27. Ra3 Qd7 28. Rfa1 Bb6 29. Qc4 Rxa7 30. Rxa7 Bxa7 31. d6 h5 32. Qb3 Bb8 33. Ra8 Qxd6 34. Qa4 Qc6 35. Qxc6 Nxc6 36. f3 Kf7 37. Kf2 Ke7 38. Ke3 Kd7 39. Kd3 Bd6 40. Rg8 Ne7 41. Rh8 Ke6 42. Kc4 Kf7 43. Rd8 Ke6 44. Rh8 Nc6 45. Rh6 Ne7 46. Rh8 1/2-1/2

[Site "Europe Echecs"]

[Event "Championnat d'Europe Rapide"]
[Date "2024.12.08"]
[White "Tsolakidou, Stavroula"]
[Black "Tweedie, Steven"]
[WhiteElo "2451"]
[BlackElo "2172"]
[Round "9.47"]
[Result "1/2-1/2"]
[TimeControl "900+10"]

1. e4 e5 2.
Nf3 Nc6 3.
Bb5 a6 4.
Ba4 Nf6 5.
O-O b5 6.
Bb3 Bc5 7.
a4 Rb8 8. c3 d6 9. d4 Bb6 10. a5 Ba7 11. Be3 Bg4 12. Nbd2 O-O 13. h3 Bh5 14. Qc2 Bg6 15. dxe5 Nxe4 16.
Nxe4 Bxe3 17. Rad1 Nxa5 18. Bd5 Bb6 19. exd6 cxd6 20. Nd4 Rc8 21. f4 Rc5 22. Ba2 Bxe4 23. Qxe4 Nc4 24. Bb1 f5 25. Qe6+ Kh8 1/2-1/2

[Site "Europe Echecs"]

[Event "Championnat d'Europe Rapide"]
[Date "2024.12.08"]
[White "Nakonechnyi, Oleksii"]
[Black "Diermair, Andreas"]
[WhiteElo "2052"]
[BlackElo "2433"]
[Round "9.48"]
[Result "1-0"]
[TimeControl "900+10"]

1. Nf3 d5 2.
g3 Nc6 3. d4 Bf5 4. a3 Qd7 5. Bg2 Bh3 6. O-O Bxg2 7. Kxg2 e6 8. b3 f5 9. c4 Nf6 10. Nc3 Ne4 11. Bb2 Be7 12. c5 Bf6 13. b4 a6 14. e3 g5 15. Nxe4 dxe4 16. Nxg5 Ne7 17. Nh3 h5 18. Nf4 h4 19. Nh5 Nd5 20. Nxf6+ Nxf6 21. d5 Rf8 22. Bxf6 Rxf6 23. Qd4 Rh6 24. Rad1 Rd8 25. dxe6 h3+ 26. Kg1 Qxd4 27. Rxd4 Rxd4 28. exd4 Rxe6 29. Rd1 Kd7 30. Kf1 f4 31. d5 Rf6 32. Ke2 fxg3 33. hxg3 Rh6 34. Ke3 Rf6 35. Rh1 Rf3+ 36. Kxe4 Rxa3 37. Rxh3 Rb3 38. Rh7+ Kd8 39. g4 Rxb4+ 40. Kf5 Rd4 41. g5 Rxd5+ 42. Kg4 Ke8 43. g6 Kf8 44. Rxc7 a5 45. f4 a4 46. Rxb7 Rxc5 47. Ra7 Rc4 48. Kg5 1-0

[Site "Europe Echecs"]

[Event "Championnat d'Europe Rapide"]
[Date "2024.12.08"]
[White "Bulmaga, Irina"]
[Black "Zygouris, Hristos"]
[WhiteElo "2386"]
[BlackElo "2163"]
[Round "9.49"]
[Result "1-0"]
[TimeControl "900+10"]

1. e4 c5 2.
c3 d5 3. exd5 Qxd5 4. Nf3 Nc6 5. d4 Bf5 6. Be3 e6 7. Na3 cxd4 8. Nb5 O-O-O 9. Nbxd4 Be4 10. Qa4 Qa5 11. Qxa5 Nxa5 12. Ne5 Bg6 13. b4 Nc6 14. Nexc6 bxc6 15.
Nxc6 Rd6 16.
Nxa7+ Kb7 17. Nb5 Rd8 18. Be2 Nf6 19. O-O Nd5 20. Bd4 f6 21. a4 e5 22. Be3 Be7 23. Bc1 Be4 24. a5 Rc8 25. Bd2 Rhd8 26. Ra2 Bf8 27. f3 Bg6 28. a6+ Ka8 29. Rfa1 Nb6 30. Be3 Nd5 31. Bd2 Nb6 32. Be1 Nc4 33. Bxc4 Rxc4 34. Na3 Rcc8 35. c4 Rd3 36. c5 Bf7 37. Rd2 Rxd2 38. Bxd2 Rd8 39. Be1 Rd3 40. c6 Bd6 41. Nb5 Bc4 42. c7 Bxc7 43. Nxc7+ Ka7 44. Bf2+ 1-0

[Site "Europe Echecs"]

[Event "Championnat d'Europe Rapide"]
[Date "2024.12.08"]
[White "Hamitevici, Vladimir"]
[Black "Suljovic, Sulejman"]
[WhiteElo "2423"]
[BlackElo "2182"]
[Round "9.50"]
[Result "1-0"]
[TimeControl "900+10"]

1. Nf3 e6 2.
e3 f5 3. c4 Nf6 4. b3 b6 5. g3 Bb7 6. Bg2 a5 7. Nc3 Bb4 8. Bb2 O-O 9. a3 Be7 10. O-O Na6 11. Qc2 Qe8 12. d4 Qh5 13. d5 Nc5 14. Nd4 Ng4 15. h3 Ne5 16. Rad1 Rfe8 17.
Ncb5 Bd8 18.
f4 Nf7 19.
dxe6 dxe6 20. Bxb7 Nxb7 21. Qg2 Nc5 22. Qxa8 Ne4 23.
Qc6 Rf8 24.
Kg2 Bf6 25.
Qxe6 g6 26.
Rf3 c5 27.
Nxf5 1-0

[Site "Europe Echecs"]

[Event "Championnat d'Europe Rapide"]
[Date "2024.12.08"]
[White "Sramek, Vojtech"]
[Black "Nikolovski, Nikola"]
[WhiteElo "2259"]
[BlackElo "2407"]
[Round "9.51"]
[Result "0-1"]
[TimeControl "900+10"]

1. e4 d5 2. exd5 Qxd5 3. Nc3 Qa5 4. d4 Nf6 5. Bc4 Bg4 6. f3 Bf5 7. Bd2 c6 8. Nd5 Qd8 9. Nxf6+ gxf6 10. Ne2 e6 11. O-O h5 12. c3 h4 13. Re1 Nd7 14. a4 Nb6 15. Ba2 Nd5 16. Nf4 Bd6 17. Nxd5 cxd5 18. f4 Kf8 19. c4 dxc4 20. Bxc4 Qb6 21. Bc3 Bxf4 22. Qf3 Qc7 23. Kh1 Bg3 24. Rxe6 fxe6 25. Bxe6 Qf4 26. Qxb7 Bxe6 27. d5 Rb8 28. Qxa7 Bxd5 29. Rd1 Bxg2+ 30. Kxg2 h3+ 31. Kg1 Bxh2+ 32. Kh1 Qf3+ 33.
Kxh2 Qg2# 0-1

[Site "Europe Echecs"]

[Event "Championnat d'Europe Rapide"]
[Date "2024.12.08"]
[White "Aliyev, Elnur"]
[Black "Todorovic, Goran N"]
[WhiteElo "2079"]
[BlackElo "2256"]
[Round "9.52"]
[Result "0-1"]
[TimeControl "900+10"]

1. e4 c5 2.
Nf3 d6 3. d4 Nf6 4. Bb5+ Bd7 5. c4 Nxe4 6. O-O Bxb5 7. cxb5 e6 8. Re1 d5 9. Nc3 Nxc3 10. bxc3 c4 11. Ng5 Be7 12. Qh5 Bxg5 13. Bxg5 Qd6 14. Re3 Nd7 15. Rae1 Nf8 16. f4 g6 17. Qh6 Rg8 18. Bf6 Kd7 19. h3 Re8 20. a4 Qa3 21. Bg7 Qxa4 22. Bxf8 Rgxf8 23. Qxh7 Qxb5 24. Qg7 a5 25. Kh2 a4 26. f5 gxf5 27. Rxe6 Rxe6 28. Rxe6 Kxe6 29. Qxf8 Qc6 30. Qa8 f4 31. h4 Kf5 32. Kh3 Ke4 33. h5 f3 34. g4 Ke3 35. Qb8 Qf6 36. Qe8+ Kd2 37. Qxa4 f2 38. Qa2+ Ke3 39. Kg3 f1=Q 0-1

[Site "Europe Echecs"]

[Event "Championnat d'Europe Rapide"]
[Date "2024.12.08"]
[White "Gatineau, Yovann"]
[Black "Nikolaev, Georgi"]
[WhiteElo "2363"]
[BlackElo "2032"]
[Round "9.53"]
[Result "1-0"]
[TimeControl "900+10"]

1. d4 d5 2. Bf4 Nf6 3. e3 e6 4. Nf3 c5 5. Nbd2 Bd6 6. Bg3 O-O 7. c3 Nc6 8. Bd3 b6 9. e4 Be7 10. e5 Nh5 11. Ng5 Bxg5 12. Qxh5 g6 13. Qe2 cxd4 14. h4 Bh6 15. h5 dxc3 16.
bxc3 Bg7 17.
Kf1 f6 18.
hxg6 fxe5 19. Rxh7 e4 20. Qh5 Qd7 21. Bb5 Rf5 22. Bxc6 Ba6+ 23. Kg1 Qxc6 24. Rxg7+ Kxg7 25. Qh7+ Kf6 26. Bh4+ Ke5 27. Qg7+ Kf4 28. Qh6+ Ke5 29. Qg7+ Kf4 30. Re1 Raf8 31. Qh6+ Ke5 32. Bg3+ Kf6 33. Qxf8+ Kxg6 34. Qg8+ Kh6 35. Re3 e5 36. Bxe5 Rxe5 37. Rh3+ Rh5 38. Qh8+ 1-0

[Site "Europe Echecs"]

[Event "Championnat d'Europe Rapide"]
[Date "2024.12.08"]
[White "Zhukovskyi, Myhaylo"]
[Black "Jacimovic, Dragoljub"]
[WhiteElo "2189"]
[BlackElo "2358"]
[Round "9.54"]
[Result "0-1"]
[TimeControl "900+10"]

1. Nf3 Nf6 2. g3 g6 3.
Bg2 Bg7 4.
O-O O-O 5.
d4 d6 6. c4 c6 7. Nc3 Qb6 8. Qc2 Qa6 9. b3 d5 10. Ne5 Bf5 11. e4 dxe4 12.
Nxe4 Rd8 13.
Bb2 Nbd7 14.
Nxd7 Nxe4 15. Bxe4 Bxe4 16. Qxe4 Rxd7 17. Rfd1 Rad8 18. Rd2 Qa5 19. Qe3 e6 20. Bc3 Qa3 21. Rad1 b5 22. Bb2 Qa6 23. Qe2 bxc4 24. bxc4 Qxa2 25. Ba1 Qa6 26. Ra2 Qb6 27. Rad2 Qc7 28. Qe4 Qb6 29. h4 Qa6 30. c5 Rd5 31. Bc3 Qc4 32. Qe3 h5 33. Kg2 Kh7 34. Qf3 R8d7 35. Qe3 Rf5 36. Ba1 Qd5+ 37. Kg1 Rf3 38. Qe2 Bh6 39. Ra2 Bg7 40. Rad2 Qf5 41. Qa6 Qd5 42. Qe2 Bf6 43. Bb2 Rb3 44. Ba1 Qf3 45. Qxf3 Rxf3 46. Ra2 e5 47. d5 cxd5 48. c6 Rc7 49. Rxd5 Rxc6 50. Bxe5 Bxe5 51. Rxe5 a6 52. Rea5 Rff6 53. Kg2 Kg7 54. R5a4 Kf8 55. Ra5 Ke7 56. R5a4 Kd7 57. R4a3 Kc7 58. Ra4 Kb7 59. Rb4+ Rb6 60. Rd4 Rbd6 61. Rb4+ Ka7 62. Rc2 Rc6 63. Rd2 Rfd6 64. Re2 Rd7 65. Rbb2 Rdc7 66. Ra2 Rc5 67. Kf3 a5 68. Re8 Rb7 69. Ke3 Rf5 70. Rd8 Re7+ 71. Kd4 Kb7 72. Rb2+ Kc7 73. Rdb8 Rd7+ 74. Ke4 Kd6 75. Ra8 Re7+ 76. Kd4 Rd5+ 77. Kc4 Rc7+ 78. Kb3 Rb7+ 79. Ka2 Rxb2+ 80. Kxb2 Rd2+ 81. Kc1 Rxf2 82. Rxa5 f6 83. Ra3 Ke5 84. Kd1 Ke4 85. Ke1 Rf3 86. Ra4+ Kf5 87. Ke2 Rxg3 88. Kf2 Rg4 89. Ra5+ Ke6 90. Ra6+ Kf7 91. Ra7+ Kf8 92. Ra6 Kg7 93. Ra7+ Kh6 94. Ra6 f5 95. Kf3 Rxh4 96. Kg3 Rb4 97. Ra3 h4+ 98. Kh3 Kh5 0-1

[Site "Europe Echecs"]